Match 46266489
Unlisted

Match 46266489
End
Pioneer Squad
Pioneer Squad
Construct Infanterie Kompanie
Selects Luftwaffe Battlegroup
Selects Luftwaffe Pioneer Support
Grenadier Squad
MG 42 Machine Gun Team
Grenadier Squad
Grenadier Squad
Infanterie Officer Quarters
Selects LG40 Recoilless Gun Paradrop
LG40 Recoilless Gun Paradrop
Selects Stuka Strafing Run
Construct Panzergrenadier Kompanie
Selects Fallschirmjäger Squad Paradrop
Fallschirmjäger Squad Paradrop
Medical Bunker
MG 42 Machine Gun Team
Stuka Strafing Run
Fallschirmjäger Squad Paradrop
Stuka Strafing Run
Pak 40 Anti-tank Gun Team
Grenadier Squad
Selects Infantry Reserves
Stuka Strafing Run
Construct Panzer Kompanie
Panzer IV Medium Tank
Pioneer Squad
GFM. Erwin Rommel
Skeng.Tecnica.International
0
0

Comments sign in to comment!

No comments posted yet!